Map: [ESL] Moondance

Players

Control

  • Race: Terran Terran
  • Spawn Location: 6:00

trigger - Winner!

  • Race: Protoss Protoss
  • Spawn Location: 12:00

Event: DreamHack SC2 Masters 2022 Valencia

VOD

Have the link to the VOD?

Description

Time

  • Played on: July 1, 2022, 2:53 p.m.
  • Length: 12:47

All games in this series

Show
View Real Time Build Order
Export as new Build Order

Control Terran 

Build Orders: Reaper Expand 

Get SALT Encoding   

  12  0:00  SCV  
  13  0:12  SCV  
  14  0:18  Supply Depot  
  14  0:24  SCV  
  15  0:39  SCV  
  15  0:40  Barracks  
  16  0:45  Refinery  
  16  0:51  SCV  
  17  1:03  SCV  
  18  1:16  SCV  
  19  1:28  Orbital Command  
  19  1:29  Reaper  
  20  1:54  Command Center  
  20  1:56  SCV  
  21  2:02  Barracks Reactor  
  21  2:10  Bunker  
  21  2:12  SCV  
  21  2:13  Barracks  
  22  2:20  Supply Depot  
  22  2:24  SCV  
  23  2:39  Barracks  
  23  2:41  Marine x2  
  23  2:42  SCV  
  26  2:54  SCV  
  27  2:59  Marine x2  
  27  3:01  Barracks Tech Lab  
  29  3:06  SCV  
  30  3:18  Marine x2  
  32  3:23  Orbital Command  
  32  3:25  Stimpack  
  33  3:27  SCV  
  33  3:33  Barracks Tech Lab  
  33  3:35  Marine  
  33  3:39  SCV, Marine  
  34  3:46  Marine  
  35  3:48  SCV  
  35  3:51  SCV  
  35  3:53  Marine  
  37  3:55  Marine  
  37  3:56  Combat Shield  
  37  3:57  Marine  
  37  4:00  SCV  
  40  4:03  SCV  
  40  4:04  Marine  
  40  4:08  Supply Depot  
  42  4:10  Marine  
  42  4:12  SCV  
  42  4:13  Marine  
  42  4:15  Marine  
  46  4:20  SCV  
  46  4:22  Marine  
  44  4:25  SCV  
  44  4:28  Marine  
  44  4:30  Supply Depot  
  44  4:31  Marine  
  43  4:32  SCV  
  43  4:33  Marine  
  43  4:37  SCV  
  46  4:38  Refinery  
  46  4:39  Marine  
  46  4:44  SCV  
  48  4:46  Marine  
  48  4:49  SCV  
  48  4:51  Marine  
  51  4:55  Marine  
  51  4:56  SCV  
  51  4:57  Marine  
  54  5:01  SCV  
  54  5:04  Marine  
  55  5:08  SCV, Marine  
  55  5:09  Factory  
  55  5:10  Concussive Shells  
  55  5:13  SCV, Marine  
  59  5:17  Engineering Bay, Supply Depot  
  59  5:18  Marine  
  59  5:20  SCV  
  61  5:25  SCV  
  62  5:35  Refinery  
  62  5:38  Marine x2, SCV x2, Supply Depot  
  62  5:39  Marauder  
  68  5:43  Missile Turret  
  68  5:46  Terran Infantry Weapons Level 1  
  68  5:50  SCV x2  
  69  6:02  SCV x2, Factory Reactor  
  68  6:06  Starport  
  68  6:13  Refinery, Marauder  
  68  6:15  SCV x2  
  68  6:17  Marine x2  
  73  6:20  Marauder  
  75  6:26  Supply Depot  
  75  6:27  SCV x2  
  75  6:28  Supply Depot  
  77  6:39  SCV  
  78  6:42  SCV  
  78  6:48  Marauder  
  78  6:51  SCV  
  78  6:53  Marine, Supply Depot  
  82  6:54  SCV  
  82  6:55  Command Center  
  82  6:58  Factory Reactor, Medivac x2  
  82  7:00  Marine, Marauder  
  90  7:03  SCV  
  90  7:06  SCV  
  90  7:07  Supply Depot  
  92  7:14  Missile Turret  
  92  7:15  SCV  
  93  7:19  Barracks  
  93  7:20  Barracks  
  93  7:21  Marine x2  
  95  7:32  Medivac x2  
  95  7:34  Marauder x2  
  95  7:36  SCV  
  104  7:40  Terran Infantry Armor Level 1  
  104  7:41  SCV  
  104  7:46  Marine  
  104  7:48  SCV, Supply Depot  
  106  7:53  SCV  
  107  8:00  SCV  
  107  8:05  SCV  
  102  8:08  Orbital Command  
  102  8:10  Barracks Tech Lab, Barracks Reactor, Marine x2  
  104  8:12  SCV  
  98  8:22  SCV  
  98  8:25  SCV  
  98  8:26  Marine  
  98  8:27  Marauder  
  103  8:34  SCV x2  
  104  8:35  Armory, Supply Depot  
  104  8:37  SCV  
  104  8:38  Engineering Bay  
  104  8:40  Viking  
  108  8:42  Viking, Starport  
  108  8:46  SCV x2, Marine  
  108  8:47  Refinery, Marine x2  
  115  8:51  Marine  
  115  8:52  Marauder  
  118  8:57  Marauder x2  
  118  8:58  SCV x2  
  118  9:02  SCV  
  123  9:03  Marine  
  123  9:05  Marine x2  
  125  9:13  Marauder  
  125  9:15  Viking x2  
  125  9:16  SCV  
  131  9:18  Marauder x2  
  131  9:19  Marine  
  131  9:21  Marine  
  131  9:23  Marine  
  128  9:24  SCV  
  128  9:28  Marine  
  124  9:35  Marauder  
  124  9:39  Marauder x2  
  124  9:40  SCV  
  124  9:41  SCV  
  124  9:42  SCV  
  124  9:43  Terran Infantry Weapons Level 2, Medivac x2  
  124  9:44  Terran Infantry Armor Level 2  
  135  9:54  Ghost Academy  
  135  9:56  Marine x3, Marauder  
  135  9:57  Marine  
  139  10:00  Medivac, Marine  
  139  10:01  Medivac  
  144  10:16  Viking x2  
  144  10:17  Command Center  
  144  10:20  Marine  
  149  10:22  Supply Depot  
  149  10:23  Marine  
  149  10:24  SCV  
  149  10:26  Ghost  
  149  10:27  Supply Depot  
  153  10:30  Ghost  
  153  10:34  Viking  
  153  10:35  Marine  
  157  10:38  Marine  
  157  10:40  Ghost  
  161  10:48  Viking x2  
  165  10:51  Marine  
  165  10:54  Marine  
  165  10:55  Marine  
  168  11:05  Enhanced Shockwaves, Marauder x2  
  168  11:09  Missile Turret  
  168  11:10  Liberator x2  
  178  11:11  Marine  
  178  11:12  Marauder  
  181  11:22  Marine  
  171  11:26  Marauder  
  171  11:27  Marine  
  171  11:28  Marauder  
  171  11:30  Marine x2  
  147  11:33  Marauder  
  131  11:40  Marine  
  131  11:45  Marine  
  125  11:47  Marauder  
  125  11:48  Marine x2  
  125  11:49  Marauder  
  125  11:50  Planetary Fortress  
  124  11:54  Marine  
  124  11:58  Marine  
  126  12:03  Marine  
  126  12:06  Marine x2  
  129  12:08  Refinery, Marine  
  129  12:09  Refinery  
  129  12:11  Marauder  
  129  12:12  Marine  
  131  12:16  Marine  
  131  12:21  Marine  
  123  12:23  Marine  
  123  12:24  Marine  
Show
View Real Time Build Order
Export as new Build Order

trigger Protoss - Winner!

Build Orders: 1 Gate Expand, Oracle Opening 

Get SALT Encoding   

  12  0:00  Probe  
  13  0:12  Probe  
  14  0:17  Pylon  
  14  0:24  Probe (Chrono Boost)  
  16  0:36  Probe (Chrono Boost), Gateway  
  16  0:43  Probe (Chrono Boost)  
  16  0:45  Assimilator  
  17  0:51  Probe  
  18  1:03  Probe  
  19  1:15  Probe  
  20  1:21  Nexus  
  20  1:27  Probe  
  21  1:35  Cybernetics Core  
  21  1:40  Assimilator  
  21  1:42  Probe  
  22  1:51  Pylon  
  23  1:54  Probe  
  23  2:09  Probe, Adept (Chrono Boost)  
  23  2:12  Warp Gate  
  26  2:21  Probe  
  27  2:29  Adept (Chrono Boost)  
  27  2:33  Probe  
  29  2:39  Probe  
  29  2:40  Stargate  
  30  2:45  Probe  
  30  2:50  Shield Battery  
  31  2:51  Probe  
  31  2:52  Stalker (Chrono Boost)  
  31  2:57  Probe  
  35  3:03  Probe  
  36  3:09  Probe  
  37  3:15  Probe  
  38  3:22  Oracle (Chrono Boost)  
  38  3:26  Probe  
  42  3:28  Probe  
  43  3:38  Probe  
  43  3:40  Probe  
  43  3:50  Probe  
  43  3:52  Probe, Twilight Council  
  45  3:56  Gateway  
  45  4:00  Gateway  
  45  4:01  Stalker  
  45  4:03  Probe  
  45  4:08  Pylon  
  46  4:13  Pylon  
  46  4:26  Sentry, Probe x2  
  46  4:28  Shield Battery  
  46  4:30  Blink (Chrono Boost)  
  50  4:38  Probe x2  
  52  4:44  Gateway  
  51  4:50  Stalker, Probe x2  
  51  4:52  Zealot  
  56  4:55  Sentry  
  57  5:02  Probe  
  57  5:03  Assimilator  
  57  5:05  Pylon  
  57  5:06  Assimilator  
  58  5:14  Adept x2  
  58  5:17  Pylon  
  58  5:18  Pylon  
  62  5:31  Probe x2, Robotics Facility  
  62  5:33  Pylon  
  64  5:38  Nexus  
  64  5:41  Pylon  
  64  5:43  Probe x2  
  64  5:44  Stalker  
  64  5:47  Pylon  
  68  5:55  Probe  
  68  5:56  Stalker x2  
  73  6:00  Probe (Chrono Boost)  
  74  6:07  Probe (Chrono Boost)  
  73  6:12  Probe (Chrono Boost)  
  73  6:17  Probe (Chrono Boost)  
  74  6:18  Probe (Chrono Boost)  
  74  6:19  Observer  
  74  6:22  Robotics Bay  
  74  6:23  Forge  
  76  6:26  Probe  
  76  6:27  Probe  
  76  6:29  Pylon  
  76  6:36  Sentry x2  
  76  6:38  Probe  
  81  6:40  Assimilator  
  81  6:44  Probe  
  82  6:50  Probe, Gateway  
  82  6:51  Protoss Ground Weapons Level 1 (Chrono Boost)  
  83  6:55  Gateway  
  83  6:57  Observer (Chrono Boost), Gateway  
  83  7:01  Probe  
  85  7:04  Charge  
  85  7:08  Colossus (Chrono Boost)  
  85  7:09  Extended Thermal Lance  
  85  7:14  Probe x3  
  94  7:43  Zealot x3  
  100  7:44  Nexus  
  100  7:46  Pylon x2  
  100  7:47  Colossus (Chrono Boost)  
  106  7:53  Pylon  
  106  7:57  Stalker x2  
  106  7:58  Stalker  
  104  8:08  Stalker x3  
  110  8:15  Observer  
  108  8:21  Shield Battery  
  108  8:23  Observer  
  108  8:25  Probe  
  108  8:26  Photon Cannon, Probe x2  
  111  8:27  Pylon  
  111  8:31  Zealot x3  
  111  8:33  Colossus (Chrono Boost)  
  117  8:39  Probe x2  
  117  8:40  Probe  
  126  8:43  Pylon  
  126  8:55  Forge  
  126  8:58  Sentry  
  126  8:59  Sentry x3, Pylon  
  126  9:01  Zealot  
  126  9:02  Zealot  
  137  9:08  Probe  
  138  9:12  Forge  
  138  9:23  Protoss Ground Armor Level 1 (Chrono Boost)  
  132  9:25  Stalker  
  132  9:26  Stalker  
  130  9:32  Probe x2  
  130  9:33  Probe  
  130  9:37  Stalker x3, Probe  
  139  9:47  Zealot  
  139  9:49  Robotics Facility  
  139  9:51  Probe x2  
  139  9:52  Assimilator  
  141  9:54  Assimilator  
  141  9:56  Stalker x2  
  145  10:00  Protoss Ground Weapons Level 2 (Chrono Boost)  
  145  10:01  Zealot  
  147  10:11  Disruptor  
  147  10:14  Probe (Chrono Boost)  
  151  10:18  Probe (Chrono Boost)  
  151  10:20  Observer  
  153  10:24  Nexus  
  153  10:25  Probe (Chrono Boost)  
  155  10:28  Probe (Chrono Boost)  
  155  10:30  Pylon, Probe (Chrono Boost)  
  155  10:32  Dark Shrine, Probe (Chrono Boost)  
  156  10:38  Disruptor (Chrono Boost)  
  159  10:45  Stalker x6  
  172  10:50  Probe  
  172  10:54  Disruptor (Chrono Boost)  
  172  10:56  Probe  
  174  10:59  Shield Battery  
  174  11:11  Disruptor (Chrono Boost), Probe  
  177  11:12  Probe x2  
  177  11:14  Probe  
  177  11:17  Stalker  
  177  11:18  Stalker x5  
  193  11:23  Disruptor  
  151  11:43  Zealot x2  
  151  11:45  Probe x2  
  152  11:51  Probe  
  152  11:52  Probe x2  
  155  11:59  Probe  
  155  12:00  Probe  
  157  12:04  Probe  
  157  12:05  Zealot x6  
  170  12:09  Zealot  
  159  12:23  Nexus  
  154  12:30  Stalker x4  

Tags
 
Add a new tag
Caveats
  • Supply blocks, unpowered buildings, or Contaminate may cause inaccurate times.
  • Supply counts are checked every 10 seconds.